 Dungeon Crawl Stone Soup version 0.14-a0-1765-g49ce880 (webtiles) character file.

2529 ReteAZ the Spear-Bearer (level 9, -15/58 HPs)
             Began as a Merfolk Abyssal Knight on Jan 5, 2014.
             Was a High Priest of Lugonu.
             Demolished by a gnoll
             ... wielding a +1,+2 whip of electrocution
              (18 damage)
             ... on Level 7 of the Dungeon.
             The game lasted 00:37:41 (7434 turns).

ReteAZ the Spear-Bearer (Merfolk Abyssal Knight)    Turns: 7434, Time: 00:37:41

HP -15/58        AC  4     Str 14      XL: 9   Next: 30%
MP  18/18        EV 12     Int 11      God: Lugonu [*****.]
Gold 394         SH 12     Dex 17      Spells:  0 memorised,  8 levels left

rFire  . . .     SeeInvis .     a - +2,-1 spear
rCold  . . .     Clarity  .     b - +0 leather armour
rNeg   + . .     Conserve .     p - +0 buckler
rPois  .         rCorr    .     C - +0 wizard hat
rElec  .         rRot     .     F - +0 cloak
SustAb . .       Spirit   .     (no gloves)
rMut   .         Warding  +     (no boots)
Saprov . . .     Stasis   .     H - amulet of warding
                                (no ring)
                                I - ring of wizardry

@: slightly resistant to hostile enchantments, fairly stealthy
A: change form in water, swift swim, camouflage 1, berserk 1, frail 1, slow
healing 1, strong 1
a: Depart the Abyss, Bend Space, Banish, Corrupt, Enter the Abyss, Renounce
Religion


You were on level 7 of the Dungeon.
You worshipped Lugonu.
Lugonu was extremely pleased with you.
You were starving.

You visited 1 branch of the dungeon, and saw 7 of its levels.
You visited the Abyss 1 time.

You collected 394 gold pieces.

Inventory:

Hand weapons
 a - a +2,-1 spear (weapon)
Missiles
 e - 12 bolts
 i - 12 darts (quivered)
 n - 12 darts of dispersal
 z - 4 tomahawks
Armour
 b - a +0 leather armour (worn)
 k - a +0 elven chain mail
 p - a +0 buckler (worn)
 C - a +0 wizard hat (worn)
 F - a +0 cloak (worn)
Magical devices
 B - a wand of fireball (3)
 E - a wand of random effects (13) {unknown}
 G - a wand of random effects (14) {unknown}
Comestibles
 c - 3 bread rations
 o - 16 sultanas
 r - 4 pears
 N - a choko
Scrolls
 d - a scroll of fog {unknown}
 g - a scroll of enchant armour {unknown}
 h - 4 scrolls of curse weapon {unknown}
 j - 2 scrolls of curse jewellery {unknown}
 l - 3 scrolls of enchant weapon I {unknown}
 q - 2 scrolls of enchant weapon II {unknown}
 u - 3 scrolls of fear {unknown}
 v - 5 scrolls of remove curse {unknown}
 w - 7 scrolls of identify
 x - 2 scrolls of random uselessness {unknown}
 y - 3 scrolls of amnesia {unknown}
 D - 2 scrolls of noise {unknown}
 J - a scroll of enchant weapon III {unknown}
Jewellery
 H - an amulet of warding (around neck)
 I - a ring of wizardry (left hand)
 L - an uncursed ring of regeneration
Potions
 f - 3 potions of heal wounds
 t - a potion of restore abilities
 A - a potion of curing
 K - 2 potions of agility
Books
 m - a book of Debilitation

   Spells                             Type                      Level
   Corona                             Hexes                        1
   Slow                               Hexes                        2
   Inner Flame                        Hexes/Fire                   3
   Enslavement                        Hexes                        4
   Cause Fear                         Hexes                        4
   Leda's Liquefaction                Hexes/Earth                  4
 s - a book of Conjurations

   Spells                             Type                      Level
   Magic Dart                         Conjuration                  1
   Searing Ray                        Conjuration                  2
   Dazzling Spray                     Conjuration/Hexes            3
   Iskenderun's Mystic Blast          Conjuration                  4
   Iskenderun's Battlesphere          Conjuration/Charms           4
   Fulminant Prism                    Conjuration/Hexes            5
 M - a book of the Dragon

   Spells                             Type                      Level
   Flight                             Charms/Air                   3
   Cause Fear                         Hexes                        4
   Bolt of Fire                       Conjuration/Fire             6
   Dragon Form                        Transmutation                7
   Summon Dragon                      Summoning                    9


   Skills:
 + Level 4.2 Fighting
 - Level 12.1 Polearms
 - Level 0.6 Armour
 - Level 2.6 Dodging
 + Level 5.8 Shields
 - Level 6.1 Invocations


You had 8 spell levels left.
You didn't know any spells.

Dungeon Overview and Level Annotations

Branches:
Dungeon (7/16)             Temple (0/1) D:4

Altars:
Ashenzari
Fedhas
Kikubaaqudgha
Sif Muna
Vehumet
Xom
Yredelemnul

Shops:
D:5 [

Annotations:
D:2 Sigmund
Abyss:1 Grinder, Menkaure, Pikel


Innate Abilities, Weirdness & Mutations

You revert to your normal form in water.
You are very nimble and swift while swimming.
Your skin changes colour to match your surroundings (Stlth).
You tend to lose your temper in combat.
You are frail (-10% HP).
You heal slowly when monsters are visible.
Your muscles are strong. (Str +2)


Message History

You hit the gnoll but do no damage.
The gnoll is severely wounded.
You closely miss the gnoll.
The gnoll is severely wounded.
The gnoll closely misses you.
You hit the gnoll but do no damage.
The gnoll is severely wounded.
You hit the gnoll but do no damage.
The gnoll is severely wounded.
You hit the gnoll but do no damage.
The gnoll is severely wounded.
The gnoll closely misses you.
You barely miss the gnoll.
The gnoll is severely wounded.
You hit the gnoll but do no damage.
The gnoll is severely wounded.
The gnoll hits you with a whip of electrocution.
* * * LOW HITPOINT WARNING * * *
You are electrocuted!
You die...

#............ ####
##.#≈≈≈≈≈≈≈≈≈≈ #...
#..≈≈≈≈≈≈≈≈≈≈≈ #...
#.#≈≈≈≈≈≈≈≈≈≈≈≈≈.# #...
#.#≈≈≈≈≈≈≈≈≈≈≈≈≈.# #...
#..≈≈≈≈≈≈≈≈≈≈≈≈≈.# #...
###≈≈≈≈≈...≈≈≈≈≈.# ####
#≈≈≈≈≈g..≈≈≈≈≈.#
#≈≈≈≈≈@..≈≈≈≈≈.#
#≈≈≈≈≈≈≈≈≈≈≈≈≈.########
#≈≈≈≈≈≈)≈≈≈≈≈≈.##......
#≈≈≈≈≈≈≈≈≈≈≈≈≈.##......
#≈≈≈≈≈≈≈≈≈≈≈≈≈(##......
#≈≈≈≈≈≈≈≈≈≈≈≈≈..((.....
###...gg.......########
############## # #


You could see 3 gnolls.

Vanquished Creatures
  An ogre (D:4)
  2 sky beasts
  4 centaurs
  A giant goldfish zombie (D:3)
  A goliath beetle (D:7)
  A jelly (D:7)
  3 crimson imps (D:6)
  2 hounds
  Crazy Yiuf (D:4)
  3 orc priests
  An iguana (D:6)
  3 orc wizards
  2 worker ants
  Jessica (D:3)
  An ogre skeleton (D:7)
  6 gnolls
  8 adders
  4 worms
  A giant mite (D:4)
  An adder skeleton (D:4)
  A giant eyeball (D:4)
  4 giant geckos
  An ooze (D:3)
  20 orcs
  2 ball pythons (D:5)
  10 bats
  3 bat zombies
  10 giant cockroaches
  18 goblins
  13 hobgoblins
  8 jackals
  2 giant newts
  A giant spore (D:3)
  A hobgoblin zombie (D:5)
  11 kobolds
  A kobold skeleton (D:5)
  A kobold zombie (D:5)
  3 orc skeletons
  An orc zombie (D:6)
  4 quokkas
  18 rats
  A ballistomycete (D:3)
181 creatures vanquished.

Vanquished Creatures (others)
  An ice beast (D:7)
  An orc priest (D:4)
  An orc (D:4)
  A kobold (D:4)
4 creatures vanquished.

Grand Total: 185 creatures vanquished

Notes
Turn   | Place    | Note
--------------------------------------------------------------
     0 | Abyss:1  | ReteAZ, the Merfolk Abyssal Knight, began the quest for the Orb.
     0 | Abyss:1  | Reached XP level 1. HP: 18/18 MP: 1/1
    60 | Abyss:1  | Noticed a thrashing horror
   133 | D:1      | Escaped the Abyss
   349 | D:1      | Reached skill level 4 in Polearms
   349 | D:1      | Reached XP level 2. HP: 24/24 MP: 2/2
   383 | D:1      | Acquired Lugonu's first power
   474 | D:1      | Reached XP level 3. HP: 29/29 MP: 4/4
   769 | D:1      | Reached skill level 5 in Polearms
   775 | D:1      | Acquired Lugonu's second power
  1100 | D:2      | Reached XP level 4. HP: 31/35 MP: 5/5
  1462 | D:2      | Noticed Sigmund
  1496 | D:3      | Noticed Jessica
  1500 | D:3      | Reached skill level 6 in Polearms
  1500 | D:3      | Reached XP level 5. HP: 31/41 MP: 9/9
  1500 | D:3      | Reached XP level 6. HP: 35/47 MP: 11/11
  1513 | D:3      | Killed Jessica
  1513 | D:3      | Reached skill level 7 in Polearms
  1623 | D:3      | Acquired Lugonu's third power
  1650 | D:3      | Found a shattered altar of Ashenzari.
  1776 | D:3      | Found an ancient bone altar of Kikubaaqudgha.
  1869 | D:3      | Found a radiant altar of Vehumet.
  2306 | D:3      | Noticed Grinder
  2324 | D:3      | Banished Grinder
  2324 | D:3      | Reached skill level 8 in Polearms
  2324 | D:3      | Reached skill level 5 in Invocations
  2324 | D:3      | Reached XP level 7. HP: 19/52 MP: 12/14
  2969 | D:4      | Reached skill level 9 in Polearms
  2998 | D:4      | Acquired Lugonu's fourth power
  3303 | D:4      | Found a staircase to the Ecumenical Temple.
  3613 | D:4      | Found a blossoming altar of Fedhas.
  3705 | D:4      | Noticed Pikel
  3727 | D:4      | HP: 1/52 [orc/orcish flail (11)]
  3734 | D:4      | HP: 2/52 [orc priest/divine providence (12)]
  3737 | D:4      | Reached skill level 10 in Polearms
  3871 | D:4      | Banished Pikel
  3871 | D:4      | Reached XP level 8. HP: 29/58 MP: 13/17
  4210 | D:4      | Noticed Crazy Yiuf
  4221 | D:4      | Killed Crazy Yiuf
  4318 | D:5      | Entered Level 5 of the Dungeon
  4587 | D:5      | Found Pailac's Armour Shoppe.
  4997 | D:5      | Found a basalt altar of Yredelemnul.
  5257 | D:5      | Reached skill level 11 in Polearms
  5631 | D:6      | Found a deep blue altar of Sif Muna.
  5676 | D:6      | Acquired Lugonu's fifth power
  5716 | D:6      | Reached XP level 9. HP: 47/64 MP: 18/18
  5794 | D:6      | Reached skill level 5 in Shields
  5900 | D:6      | Reached skill level 12 in Polearms
  6247 | D:6      | Found a shimmering altar of Xom.
  6287 | D:6      | Gained mutation: You are frail (-10% HP). [potion of mutation]
  6287 | D:6      | Gained mutation: You tend to lose your temper in combat. [potion of mutation]
  6287 | D:6      | Gained mutation: Your muscles are strong. (Str +2) [potion of mutation]
  6288 | D:6      | Gained mutation: Your skin changes colour to match your surroundings (Stlth). [potion of mutation]
  6288 | D:6      | Gained mutation: You heal slowly when monsters are visible. [potion of mutation]
  6631 | D:7      | Noticed Menkaure
  6632 | D:7      | Banished Menkaure
  7434 | D:7      | Demolished by a gnoll

Action                   |  1- 3 |  4- 6 |  7- 9 || total
-------------------------+-------+-------+-------++-------
Melee: Spear             |   123 |   123 |   721 ||   967
Throw: Dart              |     1 |     6 |    21 ||    28
Invok: Depart the Abyss  |     1 |       |       ||     1
       Banish            |       |       |     7 ||     7
Evoke: Wand              |       |       |     2 ||     2
  Use: Potion            |       |       |    10 ||    10
       Scroll            |       |       |     1 ||     1
 Stab: Sleeping          |       |       |     3 ||     3
